 Dungeon Crawl Stone Soup version 0.30.0-3-ga4e48a9924 (webtiles) character file.

Game seed: 6870637404147506523

3451 nonceun the Cleaver (level 9, -1/81 HPs)
             Began as a Minotaur Berserker on May 8, 2023.
             Was an Elder of Trog.
             Slain by an acid dragon (3 damage)
             ... on level 8 of the Dungeon.
             The game lasted 00:21:30 (6990 turns).

nonceun the Cleaver (Minotaur Berserker)            Turns: 6990, Time: 00:21:31

Health: -1/81      AC:  7    Str: 25    XL:     9   Next: 78%
Magic:  8/8        EV: 10    Int:  6    God:    Trog [****..]
Gold:   96         SH:  5    Dex:  9    Spells: 8/8 levels left

rFire   . . .        a - +0 war axe
rCold   . . .        e - +0 buckler
rNeg    . . .        r - +0 scale mail
rPois   .            (helmet restricted)
rElec   .            (no cloak)
rCorr   .            (no gloves)
SInv    .            (no boots)
Will    .....        (no amulet) Stlth
                     c - +4 ring of protection
HPRegen 0.33/turn    (no ring)
MPRegen 0.11/turn

%: no passive effects
@: corroded, studying Spellcasting
A: horns 2, retaliatory headbutt
a: Renounce Religion, Berserk, Trog's Hand, Brothers in Arms


You were on level 8 of the Dungeon.
You worshipped Trog.
Trog was greatly pleased with you.
You visited 1 branch of the dungeon, and saw 8 of its levels.

You collected 364 gold pieces.
You spent 268 gold pieces at shops.

Inventory:

Hand Weapons
 a - a +0 war axe (weapon)
Armour
 e - a +0 buckler (worn)
 r - a +0 scale mail (worn)
Jewellery
 c - a +4 ring of protection (left hand)
Wands
 u - a wand of roots (9)
 v - a wand of acid (12)
 x - a wand of mindburst (6)
Scrolls
 b - 4 scrolls of fog
 d - 2 scrolls of fear {unknown}
 f - 2 scrolls of enchant weapon
 g - 2 scrolls of brand weapon
 i - 2 scrolls of identify
 j - a scroll of poison {unknown}
 l - a scroll of noise {unknown}
 m - 5 scrolls of teleportation {unknown}
 n - a scroll of amnesia {unknown}
 q - 2 scrolls of silence {unknown}
 t - a scroll of magic mapping {unknown}
 y - a scroll of butterflies {unknown}
 z - 2 scrolls of enchant armour
Potions
 h - 3 potions of flight {unknown}
 k - 3 potions of lignification
 o - 2 potions of heal wounds
 p - a potion of magic {unknown}
 s - 2 potions of curing
 w - 2 potions of cancellation {unknown}
 A - a potion of mutation {unknown}


   Skills:
 * Level 7.9 Fighting
 + Level 12.0 Axes
 + Level 7.1 Armour
 - Level 2.1 Dodging
 * Level 7.0 Shields


You had 8 spell levels left.
You didn't know any spells.
Your spell library contained the following spells:

 Spells                   Type           Power      Damage    Failure   Level
 Ensorcelled Hibernation  Hex/Ice        0%         N/A       88%         2
 Anguish                  Hex/Necr       0%         N/A       100%        4
 Animate Armour           Summ/Erth      0%         N/A       100%        4
 Haunt                    Necr/Summ      0%         N/A       100%        7


Dungeon Overview and Level Annotations

Branches:
Dungeon (8/15)             Temple (0/1) D:6
   Lair: D:8-11

Altars:
Ashenzari
Hepliaklqana
Okawaru
Vehumet
Wu Jian
Xom

Shops:
D:5 *(   D:6 **:


Innate Abilities, Weirdness & Mutations

You have a pair of horns on your head.
You reflexively headbutt those who attack you in melee.


Message History

Press: ? - help, v - describe, . - travel The floor.
There is a stone staircase leading down here.
You climb downwards.
The steam dragon hisses angrily.
Found a knobbly smoking staff.
There is a stone staircase leading up here.
An acid dragon comes into view.
The acid dragon roars!
The steam dragon breathes steam at you. The ball of steam hits you!!
You hear a shout!
The acid dragon spits acid at you. The splash of acid hits you!!
The steam dragon bites you. The steam dragon closely misses you.
An orc comes into view. It is wielding a +0 short sword.
You hit the steam dragon.
The steam dragon is lightly wounded.
The steam dragon bites you. The steam dragon barely misses you.
You slash the steam dragon!
You headbutt the steam dragon, but do no damage.
The steam dragon is heavily wounded.
A sleepcap comes into view.
The steam dragon barely misses you. The steam dragon claws you.
You slice the steam dragon!!
You kill the steam dragon!
Trog accepts your kill.
The steam dragon scales are intact enough to wear.
The acid dragon spits acid at you. The splash of acid misses you.
You barely miss the acid dragon. The acid dragon closely misses you.
The acid dragon claws you but does no damage.
The acid dragon bites you. You block the acid dragon's attack.
The acid dragon spits acid at you. The splash of acid hits you!!
* * * LOW HITPOINT WARNING * * *
The acid corrodes you!
There is a stone staircase leading up here.
The acid dragon bites you.
You die...

.#....#... #..
#..| ....####..#
#...##....#...#
#............#
#......[....##
#...........##
##.#...o.......
#...fD..#......
...#..@...#...###
#......#.....#
#...#........#
#..............
................
.................
.....##..........
#...# .........


You could see an acid dragon (catching breath), a sleepcap and an orc.

Vanquished Creatures
  Pikel (D:7)
  A hornet (D:7)
  Prince Ribbit (D:7)
  2 steam dragons
  Duvessa (D:6)
  A black bear (D:7)
  2 sky beasts (D:6)
  2 ice beasts (D:6)
  2 ogres
  2 centaurs
  A phantom (D:6)
  A kobold brigand (D:7)
  4 bullfrogs
  3 scorpions
  Dowan (D:6)
  4 killer bees (D:7)
  5 hounds
  Ijyb (D:4)
  4 iguanas
  Natasha (thrice) (D:3)
  3 orc wizards
  7 gnolls
  9 adders
  A white imp (D:5)
  3 ufetubi
  A worm (D:2)
  A dart slug (D:1)
  17 orcs
  6 endoplasms
  4 giant cockroaches
  7 goblins
  5 hobgoblins
  6 jackals
  4 quokkas
  5 ball pythons
  8 bats
  3 frilled lizards
  12 kobolds
  7 rats
151 creatures vanquished.

Vanquished Creatures (others)
  6 fungi (D:5)
  5 toadstools (D:5)
11 creatures vanquished.

Grand Total: 162 creatures vanquished

Notes
Turn   | Place    | Note
-------+----------+-------------------------------------------
     0 | D:1      | nonceun the Minotaur Berserker began the quest for the Orb.
     0 | D:1      | Reached XP level 1. HP: 19/19 MP: 0/0
    73 | D:1      | Reached skill level 4 in Axes
   114 | D:1      | Reached XP level 2. HP: 25/26 MP: 1/1
   770 | D:1      | Reached skill level 5 in Axes
  1065 | D:2      | Reached XP level 3. HP: 17/31 MP: 2/2
  1066 | D:2      | Reached ** piety under Trog
  1478 | D:2      | Reached skill level 6 in Axes
  1478 | D:2      | Reached XP level 4. HP: 39/39 MP: 3/3
  2395 | D:3      | Found an ornate altar of the Wu Jian Council.
  2467 | D:3      | Reached *** piety under Trog
  2552 | D:3      | Found a radiant altar of Vehumet.
  2608 | D:3      | Noticed Natasha
  2619 | D:3      | Killed Natasha
  2620 | D:3      | Reached skill level 7 in Axes
  2620 | D:3      | Reached XP level 5. HP: 37/45 MP: 4/4
  2681 | D:3      | Noticed Natasha
  2696 | D:3      | Killed Natasha
  2806 | D:3      | Noticed Natasha
  2811 | D:3      | Killed Natasha
  3029 | D:4      | Reached skill level 8 in Axes
  3041 | D:4      | Found a shimmering altar of Xom.
  3155 | D:4      | Reached XP level 6. HP: 52/52 MP: 5/5
  3481 | D:4      | Reached skill level 1 in Shields
  3551 | D:4      | Noticed Ijyb
  3563 | D:4      | Killed Ijyb
  3831 | D:5      | Entered Level 5 of the Dungeon
  3871 | D:5      | Found Daleikk's Gadget Gallery.
  3920 | D:5      | Found a broken altar of Ashenzari.
  3968 | D:5      | Reached XP level 7. HP: 60/60 MP: 6/6
  3984 | D:5      | Reached skill level 9 in Axes
  4513 | D:5      | Found Ponyiham's Antique Weapon Boutique.
  4801 | D:6      | Found Toygu's Book Shoppe.
  4827 | D:6      | Reached skill level 5 in Armour
  4838 | D:6      | Reached skill level 5 in Fighting
  4838 | D:6      | Reached XP level 8. HP: 59/68 MP: 7/7
  4852 | D:6      | Reached skill level 10 in Axes
  5033 | D:6      | Reached skill level 5 in Shields
  5083 | D:6      | Found Isuppuga's General Store.
  5091 | D:6      | Noticed Duvessa
  5091 | D:6      | Noticed Dowan
  5106 | D:6      | Killed Duvessa
  5109 | D:6      | Killed Dowan
  5117 | D:6      | Reached **** piety under Trog
  5139 | D:6      | Bought a scroll of identify for 26 gold pieces
  5145 | D:6      | Bought a scroll of enchant armour for 97 gold pieces
  5145 | D:6      | Bought a potion of lignification for 39 gold pieces
  5145 | D:6      | Bought a potion of brilliance for 52 gold pieces
  5299 | D:6      | Found Tikhahon's Assorted Antiques.
  5302 | D:6      | Bought a scroll of identify for 54 gold pieces
  5358 | D:6      | Found a staircase to the Ecumenical Temple.
  5547 | D:7      | Noticed Prince Ribbit
  5573 | D:7      | Killed Prince Ribbit
  5709 | D:7      | Got Pudank's Treatise on Twinkling Convocation
  5728 | D:7      | Reached XP level 9. HP: 73/75 MP: 8/8
  6023 | D:7      | Found an iron altar of Okawaru.
  6023 | D:7      | Found a hazy altar of Hepliaklqana.
  6094 | D:7      | Reached skill level 11 in Axes
  6424 | D:7      | Noticed Pikel
  6462 | D:7      | Killed Pikel
  6556 | D:7      | Reached skill level 12 in Axes
  6989 | D:8      | HP: 2/81 [acid dragon/splash of acid (30)]
  6990 | D:8      | Slain by an acid dragon

Illustrated notes

Levels and vault maps discovered:
D:1:      dpeg_arrival_subterranean_lakeside_camping, layout_basic
D:2:      layout_basic
D:3:      layout_loops_cross, nicolae_wu_jian_wuxing_cycle,
          nicolae_vehumet_altar_sigil, uniq_natasha
D:4:      layout_loops_corners, general_overflow_altar, uniq_ijyb
D:5:      layout_loops_cross, ashenzari_conservatory_becter, kennysheep_doodads,
          chequers_serial_rivers_micro_e, minmay_gold_behind_fungi,
          nicolae_take_the_stairs, nicolae_shop_gadgets
D:6:      layout_rooms, minmay_temple_entry_poolview, serial_shops,
          kennysheep_mini_moat, nicolae_shop_trees, shop, minmay_manual_mess,
          uniq_duvessa
D:7:      layout_basic, chequers_temple_overflow_statue_of_worship,
          uniq_prince_ribbit1, uniq_pikel
D:8:      layout_layer_cave, minivault_11, hangedman_decor_slide_cut,
          uniq_psyche

Skill      XL: |  1  2  3  4  5  6  7  8  9 |
---------------+----------------------------+-----
Axes           | 4 5 6 7 8 9 10 12 | 12.0
Fighting       | 4 5 6 7 |  7.9
Armour         | 3 5 6 7 |  7.1
Shields        | 1 3 5 7 |  7.0
Dodging        | |  2.1

Action                     |  1- 3 |  4- 6 |  7- 9 || total
---------------------------+-------+-------+-------++-------
  Melee: Hand axe          |   105 |   167 |    76 ||   348
         Headbutt          |     9 |    31 |    35 ||    75
         War axe           |       |       |   148 ||   148
 Invoke: Trog's Hand       |       |     1 |     5 ||     6
         Berserk           |       |     1 |       ||     1
    Use: Scroll            |       |       |     4 ||     4
 Armour: Animal skin       |     5 |       |       ||     5
         Leather armour    |    23 |     1 |       ||    24
         Scale mail        |       |    52 |   116 ||   168
  Dodge: Dodged            |    81 |    69 |    86 ||   236
  Block: Buckler           |     2 |    19 |    52 ||    73
